 Dungeon Crawl Stone Soup version 0.29-a0-321-gf1c400731a (webtiles) character file.

Game seed: 621498509365888736

84 Hubjo the Skirmisher (level 4, -4/37 HPs)
             Began as a Demonspawn Monk on Apr 4, 2022.
             Slain by Crazy Yiuf
             ... wielding a +4 quarterstaff of chaos
              (15 damage)
             ... on level 3 of the Dungeon.
             The game lasted 00:03:01 (3554 turns).

Hubjo the Skirmisher (Demonspawn Monk)              Turns: 3554, Time: 00:03:01

Health: -4/37      AC:  3    Str: 11    XL:     4   Next: 23%
Magic:  5/5        EV: 13    Int: 12    God:
Gold:   182        SH:  0    Dex: 17    Spells: 5/5 levels left

rFire   . . .      SeeInvis .   l - +3 hand axe
rCold   . . .      Faith    .   (no shield)
rNeg    . . .      Spirit   .   b - +0 robe
rPois   .          Reflect  .   h - +1 hat
rElec   .          Harm     .   (no cloak)
rCorr   .          Rampage  .   (no gloves)
Will    .....                   (no boots)
Stlth   ++........              (no amulet)
HPRegen 0.12/turn               (no ring)
MPRegen 0.09/turn               (no ring)

@: no status effects
A: claws 1, demonic magic 2
a: no special abilities


You were on level 3 of the Dungeon.
You visited 1 branch of the dungeon, and saw 3 of its levels.

You collected 182 gold pieces.

Inventory:

Hand Weapons
 a - a +0 short sword
 l - a +3 hand axe (weapon)
Armour
 b - a +0 robe (worn)
 h - a +1 hat (worn)
Scrolls
 d - 3 scrolls of identify
 k - a scroll of amnesia {unknown}
Potions
 c - 2 potions of ambrosia
 e - a potion of heal wounds
 f - 2 potions of attraction
 g - a potion of curing {unknown}
 i - 2 potions of mutation {unknown}
 j - a potion of berserk rage {unknown}


   Skills:
 * Level 4.0 Fighting
 - Level 2.6 Short Blades
 - Level 2.6 Dodging
 * Level 3.1 Stealth
 + Level 1.2 Spellcasting


You had 5 spell levels left.
You didn't know any spells.
Your spell library was empty.

Dungeon Overview and Level Annotations

Branches:
Dungeon (3/15)

Altars:
Gozag
Vehumet

Annotations:
D:3 Crazy Yiuf


Innate Abilities, Weirdness & Mutations

You have sharp fingernails.
Spells you cast may paralyse nearby enemies.


Message History

No reachable target in view!
No reachable target in view!
No reachable target in view!
No reachable target in view!
No reachable target in view!
No reachable target in view!
No reachable target in view!
No reachable target in view!
No reachable target in view!
No reachable target in view!
No reachable target in view!
No reachable target in view!
You open the door.
There is an open translucent door here.
The helpless Crazy Yiuf fails to defend himself.
You hit Crazy Yiuf.
Crazy Yiuf is moderately wounded.
Crazy Yiuf sings, "Trees, trees, trees, circus!"
Crazy Yiuf misses you.
You hit Crazy Yiuf.
Crazy Yiuf is heavily wounded.
Crazy Yiuf barely misses you.
Crazy Yiuf hits you with a +4 quarterstaff of chaos!
You hit Crazy Yiuf.
Crazy Yiuf is severely wounded.
Crazy Yiuf closely misses you.
You closely miss Crazy Yiuf.
Crazy Yiuf is severely wounded.
Crazy Yiuf sings, "Trees, trees, trees, circus!"
Crazy Yiuf hits you with a +4 quarterstaff of chaos!
You are electrocuted!
* * * LOW HITPOINT WARNING * * *
You hit Crazy Yiuf but do no damage.
Crazy Yiuf is severely wounded.
Crazy Yiuf closely misses you.
You barely miss Crazy Yiuf.
Crazy Yiuf is severely wounded.
Crazy Yiuf barely misses you.
Crazy Yiuf hits you with a +4 quarterstaff of chaos!
You die...

###### #####
##.#.P## ###..)#
#......####.'.@g#
##....P..#..##...#
##..##.P.#.########
##.#########
########### .....#
#.........#
###..######
####.>.......#
###.......##
##.##.........##
#..........#
##..##...........
.......###.####
#..###.......<..#


You could see Crazy Yiuf.

Vanquished Creatures
  3 adders (D:3)
  A dart slug (D:1)
  3 orcs (D:3)
  5 ball pythons
  4 bats
  7 endoplasms
  A giant cockroach (D:1)
  5 hobgoblins
  4 quokkas
  A frilled lizard (D:1)
  6 goblins
  3 kobolds
  4 rats
47 creatures vanquished.

Notes
Turn   | Place    | Note
-------+----------+-------------------------------------------
     0 | D:1      | Hubjo the Demonspawn Monk began the quest for the Orb.
     0 | D:1      | Reached XP level 1. HP: 18/18 MP: 1/1
   269 | D:1      | Gained mutation: Spells you cast may paralyse adjacent
                  | enemies. [demonic ancestry]
   269 | D:1      | Reached XP level 2. HP: 5/24 MP: 2/2
  1368 | D:1      | Discovered your monstrous ancestry.
  1368 | D:1      | Gained mutation: You have sharp fingernails. [demonic
                  | ancestry]
  1368 | D:1      | Reached XP level 3. HP: 19/29 MP: 4/4
  2587 | D:3      | HP: 1/29 [poisoned by an adder]
  2594 | D:3      | Reached skill level 1 in Spellcasting
  3048 | D:3      | Gained mutation: Spells you cast may paralyse nearby
                  | enemies. [demonic ancestry]
  3048 | D:3      | Reached XP level 4. HP: 30/37 MP: 5/5
  3303 | D:3      | Found an opulent altar of Gozag.
  3303 | D:3      | Found a radiant altar of Vehumet.
  3319 | D:3      | Reached skill level 4 in Fighting
  3348 | D:3      | Found a runed translucent door.
  3349 | D:3      | Noticed Crazy Yiuf
  3554 | D:3      | Slain by Crazy Yiuf

Illustrated notes

Levels and vault maps discovered:
D:1:      elethiomel_arrival_infinity_welcomes_careful_drivers, layout_basic
D:2:      layout_basic, hex_tiny, kennysheep_another_room
D:3:      layout_rooms, mainiacjoe_overflow_divided_tiny,
          nicolae_concentric_dashed_squares_mild, uniq_crazy_yiuf_cottage

Skill      XL: |  1  2  3  4 |
---------------+-------------+-----
Stealth        | 2 3 |  3.1
Spellcasting   | 1 |  1.2
Fighting       | 4 |  4.0
Short Blades   | |  2.6
Dodging        | |  2.6

Action                   |  1- 3 |  4- 6 || total
-------------------------+-------+-------++-------
Melee: Short sword       |   150 |    11 ||   161
       Punch             |     2 |       ||     2
       Hand axe          |       |     9 ||     9
  Use: Scroll            |     1 |       ||     1
       Potion            |     1 |       ||     1
 Stab: Sleeping          |     9 |     3 ||    12
Armor: Robe              |    26 |     4 ||    30
Dodge: Dodged            |    81 |    12 ||    93

Table legend: (Time is in decaauts)
 A = Elapsed time spent in this place.
 B = Non-inter-level travel time spent in this place.
 C = Inter-level travel time spent in this place.
 D = Time resting spent in this place.
 E = Time spent auto-exploring this place.
 F = Levels seen in this place.
 G = Mean time per level.
                   A        B        C        D        E       F      G
               +--------+--------+--------+--------+--------+-----+--------+
         Total |   3549 |   3496 |     53 |      0 |   3000 |   3 | 1183.0 |
       Dungeon |   3549 |   3496 |     53 |      0 |   3000 |   3 | 1183.0 |
               +--------+--------+--------+--------+--------+-----+--------+

Top non-repeatable levels by time:
     D:1: 1848 daAuts
     D:3: 1020 daAuts
     D:2: 680 daAuts
